PIO (24 & UNDER)
SALEM SLEDGEHAMMERS @ CHULA VISTA TACOS
04/21/2028
 
TOP OF THE 1ST
Salem Sledgehammers batting - Pitching for Chula Vista Tacos : RHP Bryan Glover
Pitching: RHP Bryan Glover
Batting: RHB Ben Simpson 0-0: Fly out, F8 (Line Drive, 8LM)
Batting: RHB Kenny Pruitt 0-0: Ball
1-0: Ball
2-0: Ball
3-0: Base on Balls
Batting: LHB Walt Brown 0-0: Ball
1-0: SINGLE (Flyball, 6MD)
Kenny Pruitt to second
Batting: RHB Juan Morales 0-0: Foul Ball, location: 2F
0-1: Foul Ball, location: 2F
0-2: Ball
1-2: Fly out, F9 (Flyball, 89M)
Batting: RHB Donovan James 0-0: Swinging Strike
0-1: Ball
1-1: Ball
2-1: Foul Ball, location: 2F
2-2: Foul Ball, location: 2F
2-2: Foul Ball, location: 2F
2-2: Strikes out swinging
Top of the 1st over - 0 run(s), 1 hit(s), 0 error(s), 2 left on base; Salem 0 - Chula Vista 0
BOTTOM OF THE 1ST
Chula Vista Tacos batting - Pitching for Salem Sledgehammers : RHP Vincent Wolfe
Pitching: RHP Vincent Wolfe
Batting: RHB Matt O'Rourke 0-0: Ball
1-0: Ball
2-0: Swinging Strike
2-1: Swinging Strike
2-2: Ball
3-2: Strikes out swinging
Batting: RHB Júlio García 0-0: Called Strike
0-1: Ball
1-1: Ball
2-1: Ball
3-1: Base on Balls
Batting: LHB Arthur MacDonald 0-0: Foul Ball, location: 2F
0-1: Called Strike
0-2: Ball
1-2: SINGLE (Flyball, 56D)
Júlio García to second
Batting: RHB Jake Reeves 0-0: Fly out, F8 (Flyball, 8LD)
Runner from 2nd tags up, SAFE at 3rd with throw
Batting: LHB Ethan Shaw 0-0: Ball
1-0: Fly out, F7 (Flyball, 78S)
Bottom of the 1st over - 0 run(s), 1 hit(s), 0 error(s), 2 left on base; Salem 0 - Chula Vista 0
TOP OF THE 2ND
Salem Sledgehammers batting - Pitching for Chula Vista Tacos : RHP Bryan Glover
Batting: RHB Rich Crabtree 0-0: Ball
1-0: Foul Ball, location: 2F
1-1: Ground out 6-3 (Groundball, 6M)
Batting: SHB Juan Hernández 0-0: Called Strike
0-1: Swinging Strike
0-2: Strikes out swinging
Batting: RHB José Vázquez 0-0: Called Strike
0-1: Ball
1-1: Ball
2-1: Fly out, F5 (Line Drive, 5)
Top of the 2nd over - 0 run(s), 0 hit(s), 0 error(s), 0 left on base; Salem 0 - Chula Vista 0
BOTTOM OF THE 2ND
Chula Vista Tacos batting - Pitching for Salem Sledgehammers : RHP Vincent Wolfe
Batting: LHB Dave Reynolds 0-0: Called Strike
0-1: Swinging Strike
0-2: Foul Ball, location: 2F
0-2: Ball
1-2: Ball
2-2: Ball
3-2: Foul Ball, location: 2F
3-2: Base on Balls
Batting: LHB Steven Smith 0-0: Ball
1-0: Reached on error, E4 (Groundball, 4)
Dave Reynolds to second
Batting: LHB Nick Hill 0-0: Called Strike
0-1: Ball
1-1: Ball
2-1: Ball
3-1: Called Strike
3-2: Fly out, F8 (Flyball, 8LM)
Batting: RHB Jake Lawrence 0-0: Hit by Pitch
Dave Reynolds to third
Steven Smith to second
Batting: RHB Matt O'Rourke 0-0: Called Strike
0-1: Foul Ball, location: 2F
0-2: Ball
1-2: Ball
2-2: Fly out, F8 (Flyball, 78D)
Runner from 3rd tags up, SCORES, no throw
Batting: RHB Júlio García 0-0: Swinging Strike
0-1: Ball
1-1: Fielders Choice at 2nd, U4 (Groundball, 4M)
Bottom of the 2nd over - 1 run(s), 0 hit(s), 1 error(s), 2 left on base; Salem 0 - Chula Vista 1
TOP OF THE 3RD
Salem Sledgehammers batting - Pitching for Chula Vista Tacos : RHP Bryan Glover
Batting: RHB José González 0-0: Ground out 5-3 (Groundball, 56)
Batting: RHB Ben Simpson 0-0: Ball
1-0: Called Strike
1-1: SINGLE (Groundball, 6MD)
Batting: RHB Kenny Pruitt 0-0: Called Strike
0-1: Ball
1-1: Ball
2-1: Ball
3-1: Base on Balls
Ben Simpson to second
Batting: LHB Walt Brown 0-0: Called Strike
0-1: Ball
1-1: Called Strike
Ben Simpson steals 3rd base
Kenny Pruitt to second
1-2: Ball
2-2: Ball
3-2: Strikes out swinging
Batting: RHB Juan Morales 0-0: Ball
1-0: Called Strike
1-1: Foul Ball, location: 2F
1-2: Ball
2-2: Foul Ball, location: 2F
2-2: Ball
3-2: Foul Ball, location: 2F
3-2: Fly out, F9 (Flyball, 89XD)
Top of the 3rd over - 0 run(s), 1 hit(s), 0 error(s), 2 left on base; Salem 0 - Chula Vista 1
BOTTOM OF THE 3RD
Chula Vista Tacos batting - Pitching for Salem Sledgehammers : RHP Vincent Wolfe
Batting: LHB Arthur MacDonald 0-0: Ball
1-0: Ball
2-0: SINGLE (Line Drive, 34)
Batting: RHB Jake Reeves 0-0: Fly out, F9 (Flyball, 9S)
Batting: LHB Ethan Shaw 0-0: Called Strike
Arthur MacDonald is caught stealing 2nd base
0-1: Swinging Strike
0-2: SINGLE (Groundball, 4M) (infield hit)
Batting: LHB Dave Reynolds 0-0: Called Strike
0-1: Swinging Strike
0-2: Strikes out swinging
Bottom of the 3rd over - 0 run(s), 2 hit(s), 0 error(s), 1 left on base; Salem 0 - Chula Vista 1
TOP OF THE 4TH
Salem Sledgehammers batting - Pitching for Chula Vista Tacos : RHP Bryan Glover
Batting: RHB Donovan James 0-0: Swinging Strike
0-1: Called Strike
0-2: Strikes out swinging
Batting: RHB Rich Crabtree 0-0: Ball
1-0: Foul Ball, location: 2F
1-1: Ball
2-1: Foul Ball, location: 2F
2-2: Ball
3-2: Foul Ball, location: 2F
3-2: Base on Balls
Batting: SHB Juan Hernández 0-0: Fly out, F7 (Flyball, 7S)
Batting: RHB José Vázquez 0-0: Ball
1-0: Ball
2-0: Ball
3-0: Called Strike
3-1: Ground out 5-3 (Groundball, 5S)
Top of the 4th over - 0 run(s), 0 hit(s), 0 error(s), 1 left on base; Salem 0 - Chula Vista 1
BOTTOM OF THE 4TH
Chula Vista Tacos batting - Pitching for Salem Sledgehammers : RHP Vincent Wolfe
Batting: LHB Steven Smith 0-0: Foul Ball, location: 2F
0-1: Foul Ball, location: 2F
0-2: Ball
1-2: Ball
2-2: Ball
3-2: Foul Ball, location: 2F
3-2: SOLO HOME RUN (Flyball, 9D), Distance : 414 ft
Batting: LHB Nick Hill 0-0: Ball
1-0: Ball
2-0: Ball
3-0: Swinging Strike
3-1: Swinging Strike
3-2: Strikes out swinging
Batting: RHB Jake Lawrence 0-0: Foul Ball, location: 2F
0-1: Foul Ball, location: 2F
0-2: Ball
1-2: Strikes out swinging
Batting: RHB Matt O'Rourke 0-0: Foul Ball, location: 2F
0-1: Hit by Pitch
Batting: RHB Júlio García 0-0: Called Strike
Matt O'Rourke is caught stealing 2nd base
Bottom of the 4th over - 1 run(s), 1 hit(s), 0 error(s), 0 left on base; Salem 0 - Chula Vista 2
TOP OF THE 5TH
Salem Sledgehammers batting - Pitching for Chula Vista Tacos : RHP Bryan Glover
Batting: RHB José González 0-0: Fly out, F4 (Flyball, 34D)
Batting: RHB Ben Simpson 0-0: Called Strike
0-1: Ball
1-1: Ball
2-1: Called Strike
2-2: Ball
3-2: Base on Balls
Batting: RHB Kenny Pruitt 0-0: Ball
1-0: Foul Ball, location: 2F
1-1: Ball
2-1: Ball
3-1: Foul Ball, location: 2F
3-2: Base on Balls
Ben Simpson to second
Batting: LHB Walt Brown 0-0: Called Strike
0-1: Foul Ball, location: 2F
0-2: Ball
1-2: Strikes out swinging
Batting: RHB Juan Morales 0-0: Called Strike
0-1: Fly out, F7 (Flyball, 7LS)
Top of the 5th over - 0 run(s), 0 hit(s), 0 error(s), 2 left on base; Salem 0 - Chula Vista 2
BOTTOM OF THE 5TH
Chula Vista Tacos batting - Pitching for Salem Sledgehammers : RHP Vincent Wolfe
Batting: RHB Júlio García 0-0: Called Strike
0-1: Ball
1-1: Ball
2-1: Ball
3-1: Base on Balls
Batting: LHB Arthur MacDonald 0-0: Ball
1-0: Ball
2-0: Ball
3-0: Base on Balls
Júlio García to second
Batting: RHB Jake Reeves 0-0: Ball
1-0: Called Strike
1-1: Called Strike
1-2: Foul Ball, location: 2F
1-2: Ball
2-2: Fly out, F7 (Line Drive, 78M)
Pitching: RHP Luis Núñez
Batting: LHB Ethan Shaw 0-0: Called Strike
0-1: Grounds into double play, 4-6-3 (Groundball, 4)
Bottom of the 5th over - 0 run(s), 0 hit(s), 0 error(s), 1 left on base; Salem 0 - Chula Vista 2
TOP OF THE 6TH
Salem Sledgehammers batting - Pitching for Chula Vista Tacos : RHP Bryan Glover
Pitching: LHP Alejandro Flores
Batting: RHB Donovan James 0-0: Ball
1-0: Ball
2-0: Ball
3-0: Called Strike
3-1: Swinging Strike
3-2: Ground out 5-3 (Groundball, 5L)
Batting: RHB Rich Crabtree 0-0: Ball
1-0: Ball
2-0: Foul Ball, location: 2F
2-1: Swinging Strike
2-2: Ball
3-2: Foul Ball, location: 2F
3-2: Ground out 4-3 (Groundball, 4MS)
Batting: SHB Juan Hernández 0-0: Ground out 3-1 (Groundball, 34)
Top of the 6th over - 0 run(s), 0 hit(s), 0 error(s), 0 left on base; Salem 0 - Chula Vista 2
BOTTOM OF THE 6TH
Chula Vista Tacos batting - Pitching for Salem Sledgehammers : RHP Luis Núñez
Batting: LHB Dave Reynolds 0-0: Swinging Strike
0-1: Swinging Strike
0-2: Strikes out looking
Batting: LHB Steven Smith 0-0: Called Strike
0-1: Swinging Strike
0-2: Ball
1-2: Foul Ball, location: 2F
1-2: Ball
2-2: Strikes out looking
Batting: LHB Nick Hill 0-0: Called Strike
0-1: Ball
1-1: Called Strike
1-2: Ball
2-2: SINGLE (Line Drive, 6MD)
Batting: RHB Jake Lawrence 0-0: Ball
1-0: Foul Ball, location: 2F
1-1: Ball
2-1: Swinging Strike
2-2: Foul Ball, location: 2F
2-2: Strikes out swinging
Bottom of the 6th over - 0 run(s), 1 hit(s), 0 error(s), 1 left on base; Salem 0 - Chula Vista 2
TOP OF THE 7TH
Salem Sledgehammers batting - Pitching for Chula Vista Tacos : LHP Alejandro Flores
Batting: RHB José Vázquez 0-0: Called Strike
0-1: Called Strike
0-2: Reached on error, E5 (Groundball, 56)
Batting: RHB José González 0-0: Called Strike
0-1: Ground out 5-3 (Groundball, 56S)
José Vázquez to third
Batting: RHB Ben Simpson 0-0: SINGLE (Line Drive, 6M)
José Vázquez scores
Batting: RHB Kenny Pruitt 0-0: Ball
Ben Simpson is caught stealing 2nd base
1-0: Swinging Strike
1-1: Ball
2-1: Foul Ball, location: 2F
2-2: Foul Ball, location: 2F
2-2: Strikes out swinging
Top of the 7th over - 1 run(s), 1 hit(s), 1 error(s), 0 left on base; Salem 1 - Chula Vista 2
BOTTOM OF THE 7TH
Chula Vista Tacos batting - Pitching for Salem Sledgehammers : RHP Luis Núñez
Batting: RHB Matt O'Rourke 0-0: Ball
1-0: Fly out, F9 (Flyball, 89M)
Batting: RHB Júlio García 0-0: Ball
1-0: SINGLE (Groundball, 34D)
Batting: LHB Arthur MacDonald 0-0: Ball
Júlio García steals 2nd base
1-0: Called Strike
1-1: Foul Ball, location: 2F
1-2: Foul Ball, location: 2F
1-2: Ball
2-2: Ground out 4-3 (Groundball, 4)
Júlio García to third
Batting: RHB Jake Reeves 0-0: Called Strike
0-1: Ball
1-1: Ball
2-1: Swinging Strike
2-2: Ball
3-2: SINGLE (Groundball, 6MD)
Júlio García scores
Batting: LHB Ethan Shaw 0-0: Swinging Strike
0-1: Foul Ball, location: 2F
0-2: Fly out, F9 (Flyball, 9D)
Bottom of the 7th over - 1 run(s), 2 hit(s), 0 error(s), 1 left on base; Salem 1 - Chula Vista 3
TOP OF THE 8TH
Salem Sledgehammers batting - Pitching for Chula Vista Tacos : LHP Alejandro Flores
Batting: LHB Walt Brown 0-0: Ball
1-0: Fly out, F6 (Line Drive, 6)
Batting: RHB Juan Morales 0-0: Ball
1-0: Ball
2-0: Foul Ball, location: 2F
2-1: SINGLE (Groundball, 4MD)
Pitching: RHP Tony Fullerton
Batting: RHB Donovan James 0-0: Called Strike
0-1: Ball
1-1: Called Strike
1-2: Foul Ball, location: 2F
1-2: Grounds into double play, 5-4-3 (Groundball, 56)
Top of the 8th over - 0 run(s), 1 hit(s), 0 error(s), 0 left on base; Salem 1 - Chula Vista 3
BOTTOM OF THE 8TH
Chula Vista Tacos batting - Pitching for Salem Sledgehammers : RHP Luis Núñez
Batting: LHB Dave Reynolds 0-0: Ground out 4-3 (Groundball, 4)
Batting: LHB Steven Smith 0-0: Ball
1-0: Ball
2-0: Ball
3-0: Base on Balls
Batting: LHB Nick Hill 0-0: Ball
1-0: Called Strike
1-1: Ball
2-1: Foul Ball, location: 2F
2-2: SINGLE (Line Drive, 4MD)
Steven Smith to second
Pinch Hitting: LHB Roderick Delgado 0-0: Ball
1-0: Ball
2-0: Ball
3-0: Called Strike
3-1: Base on Balls
Steven Smith to third
Nick Hill to second
Batting: RHB Matt O'Rourke 0-0: TRIPLE (Flyball, 89D)
Steven Smith scores
Nick Hill scores
Roderick Delgado scores
Pitching: LHP Mitch Bennett
Batting: RHB Júlio García 0-0: Called Strike
0-1: Ball
1-1: Ball
2-1: Swinging Strike
2-2: Ground out 4-3 (Groundball, 4)
Matt O'Rourke scores
Batting: LHB Arthur MacDonald 0-0: Ball
1-0: Foul Ball, location: 2F
1-1: Foul Ball, location: 2F
1-2: Foul Ball, location: 2F
1-2: Foul Ball, location: 2F
1-2: Ball
2-2: SINGLE (Line Drive, 9S)
Batting: RHB Jake Reeves 0-0: Called Strike
0-1: Ball
1-1: Ball
2-1: Ball
3-1: Base on Balls
Arthur MacDonald to second
Batting: LHB Ethan Shaw 0-0: Ball
1-0: Fly out, F7 (Flyball, 7)
Bottom of the 8th over - 4 run(s), 3 hit(s), 0 error(s), 2 left on base; Salem 1 - Chula Vista 7
TOP OF THE 9TH
Salem Sledgehammers batting - Pitching for Chula Vista Tacos : RHP Tony Fullerton
Now at C: Manuel Martínez
Now in LF: Roderick Delgado
Batting: RHB Rich Crabtree 0-0: Called Strike
0-1: Called Strike
0-2: Ball
1-2: Ball
2-2: Fly out, F7 (Flyball, 7)
Batting: SHB Juan Hernández 0-0: Called Strike
0-1: Fly out, F9 (Flyball, 89S)
Batting: RHB José Vázquez 0-0: Ball
1-0: Foul Ball, location: 2F
1-1: Foul Ball, location: 2F
1-2: Strikes out looking
Top of the 9th over - 0 run(s), 0 hit(s), 0 error(s), 0 left on base; Salem 1 - Chula Vista 7
Tuesday, August 8th, 2017 - OOTP Baseball 17.12 Build 75